 Dungeon Crawl Stone Soup version 0.28.0-53-g5a82cb258f (webtiles) character file.

Game seed: 10733755092663976350

816 mcbry74 the Firebug (level 7, -8/36 HPs)
             Began as a Deep Elf Fire Elementalist on July 20, 2022.
             Shot with an arrow by a centaur (17 damage)
             ... on level 4 of the Dungeon.
             The game lasted 00:13:58 (4190 turns).

mcbry74 the Firebug (Deep Elf Fire Elementalist)    Turns: 4190, Time: 00:14:00

Health: -8/36      AC:  2    Str:  5    XL:     7   Next: 62%
Magic:  9/13       EV: 12    Int: 22    God:
Gold:   165        SH:  0    Dex: 15    Spells: 5/12 levels left

rFire   + . .      SeeInvis .   l - staff of fire
rCold   . . .      Faith    .   (no shield)
rNeg    . . .      Spirit   .   a - +0 robe
rPois   .          Reflect  .   (no helmet)
rElec   .          Harm     .   (no cloak)
rCorr   .          Rampage  .   (no gloves)
Will    .....                   (no boots)
Stlth   ++........              r - amulet of regeneration
HPRegen 0.92/turn               (no ring)
MPRegen 0.13/turn               (no ring)

@: no status effects
A: no striking features
a: no special abilities


You were on level 4 of the Dungeon.
You visited 2 branches of the dungeon, and saw 6 of its levels.

You collected 165 gold pieces.

Inventory:

Hand Weapons
 b - a +0 short sword
 j - a +4 rapier of flaming
Missiles
 m - 5 boomerangs
 n - 2 curare-tipped darts
Armour
 a - a +0 robe (worn)
 g - a +0 helmet
Magical Staves
 l - a staff of fire (weapon)
Jewellery
 q - a ring of protection from fire
 r - an amulet of regeneration (around neck)
Wands
 p - a wand of iceblast (12)
Scrolls
 d - 3 scrolls of identify {unknown}
 f - 2 scrolls of teleportation {unknown}
 i - a scroll of torment {unknown}
Potions
 c - 2 potions of heal wounds {unknown}
 e - 3 potions of curing {unknown}
 h - 3 potions of invisibility {unknown}
 k - a potion of flight {unknown}
 o - a potion of might {unknown}
 s - a potion of brilliance {unknown}


   Skills:
 + Level 3.3 Staves
 - Level 2.4 Dodging
 - Level 2.4 Stealth
 - Level 3.0 Spellcasting
 + Level 3.0 Conjurations
 * Level 7.6 Fire Magic
 + Level 3.8 Evocations


You had 5 spell levels left.
You knew the following spells:

 Your Spells              Type           Power      Damage    Failure   Level
a - Foxfire               Conj/Fire      100%       2x1d9     1%          1
b - Scorch                Fire           100%       2d10      1%          2
c - Flame Wave            Conj/Fire      40%        2d9       14%         4

Your spell library contained the following spells:

 Spells                   Type           Power      Damage    Failure   Level
 Conjure Flame            Conj/Fire      40%        6-21      4%          3
 Inner Flame              Hex/Fire       30%        N/A       8%          3


Dungeon Overview and Level Annotations

Branches:
Dungeon (5/15)             Temple (1/1) D:5

Altars:
Fedhas
Kikubaaqudgha
Nemelex Xobeh
Qazlal
Trog
Uskayaw
Xom
Yredelemnul
Zin

Annotations:
D:5 Eustachio


Message History

The dart slug is severely wounded.
The foxfire hits the dart slug!
You kill the dart slug!
You start resting.
Magic restored.
s - a green potion An adder comes into view.
Casting: Foxfire (safe; 1% risk of failure)
Confirm with . or Enter, or press ? or * to list all spells.
You feel a surge of power!
You conjure some foxfire!
The adder hisses angrily.
Casting: Foxfire (safe; 1% risk of failure)
Confirm with . or Enter, or press ? or * to list all spells.
You can't see any susceptible monsters within range! (Use Z to cast anyway.)
The foxfire hits the adder.
The adder is lightly wounded.
The foxfire hits the adder!
The adder is severely wounded.
Casting: Foxfire (safe; 1% risk of failure)
Confirm with . or Enter, or press ? or * to list all spells.
You feel a surge of power!
Flames lash the adder.
You kill the adder!
You hear a shout!
You start resting.
A centaur comes into view.
The centaur wields a +0 shortbow.
The centaur shoots an arrow.
The arrow misses you.
The centaur shoots an arrow.
The arrow hits you.
Found 16 gold pieces.
The centaur shoots an arrow.
The arrow closely misses you.
The centaur shoots an arrow.
The arrow hits you.
The centaur shoots an arrow.
The arrow hits you!!
Ouch! That really hurt!
* * * LOW HITPOINT WARNING * * *
Casting: Scorch (safe; 1% risk of failure)
Confirm with . or Enter, or press ? or * to list all spells.
You feel a surge of power!
Flames lash the centaur.
The centaur is moderately wounded.
The centaur's fire resistance burns away.
The centaur shoots an arrow.
The arrow hits you!
You die...

#... #..# #.#.##
###...## #.#..#
##.......
#.##.###........
#.#............. #
#...##.......... ...
####..#.......#####
..$..#........#.#.......
#.....@...####.#.######
##..c..##.# #.#.# #
.....##.##.# #...# #
#.#. ..##.# #..## # ...
.####.. ...# # ^. .. ...
##.## # . .. .#.# #.. #
$.. ## # #


You could see a centaur (combustible).

Vanquished Creatures
  Grinder (D:3)
  A necrophage (D:5)
  An ogre (D:5)
  A scorpion (D:5)
  A hound (D:5)
  2 orc priests (D:3)
  Jessica (D:3)
  3 orc wizards (D:3)
  2 iguanas (D:5)
  Robin (D:3)
  4 gnolls
  2 adders
  A dart slug (D:4)
  13 orcs
  10 bats
  3 endoplasms
  A giant cockroach (D:4)
  14 goblins
  5 hobgoblins
  2 jackals (D:1)
  6 quokkas
  7 ball pythons
  7 frilled lizards
  5 kobolds
  3 rats
97 creatures vanquished.

Vanquished Creatures (others)
  158 foxfires
158 creatures vanquished.

Grand Total: 255 creatures vanquished

Notes
Turn   | Place    | Note
-------+----------+-------------------------------------------
     0 | D:1      | mcbry74 the Deep Elf Fire Elementalist began the quest for
                  | the Orb.
     0 | D:1      | Reached XP level 1. HP: 10/10 MP: 6/6
   188 | D:1      | Reached XP level 2. HP: 15/15 MP: 4/8
   191 | D:1      | Learned a level 2 spell: Scorch
   407 | D:1      | Reached skill level 4 in Fire Magic
   570 | D:1      | Found a faded altar of an unknown god.
   877 | D:2      | Reached XP level 3. HP: 19/19 MP: 2/9
  1952 | D:3      | Noticed Grinder
  1958 | D:3      | Killed Grinder
  1959 | D:3      | Reached skill level 1 in Staves
  1959 | D:3      | Reached skill level 6 in Fire Magic
  1959 | D:3      | Reached XP level 4. HP: 24/24 MP: 0/10
  1959 | D:3      | Reached XP level 5. HP: 28/28 MP: 0/11
  2117 | D:3      | Reached XP level 6. HP: 32/32 MP: 7/12
  2808 | D:3      | Noticed Robin
  2811 | D:3      | Killed Robin
  2962 | D:3      | Noticed Jessica
  2968 | D:3      | Killed Jessica
  3073 | D:3      | Learned a level 4 spell: Flame Wave
  3077 | D:3      | You fall into a shaft and drop 2 floors!
  3077 | D:5      | Entered Level 5 of the Dungeon
  3091 | D:5      | Reached skill level 7 in Fire Magic
  3091 | D:5      | Reached XP level 7. HP: 36/36 MP: 9/13
  3126 | D:5      | Found a staircase to the Ecumenical Temple.
  3135 | Temple   | Entered the Ecumenical Temple
  3930 | D:5      | Noticed Eustachio
  4190 | D:4      | Shot with an arrow by a centaur

Illustrated notes

Levels and vault maps discovered:
D:1:      dpeg_arrival_simpleton_b, layout_rooms,
          shapermc_ecumenical_altar_mp_highgroup
D:2:      layout_basic, minivault_24, minmay_tromino_v4_a
D:3:      layout_rooms, uniq_grinder, uniq_jessica, uniq_robin
D:4:      layout_rooms, corner_web_ring, uniq_menkaure, uniq_crazy_yiuf_cottage,
          uniq_duvessa
D:5:      layout_basic, minmay_temple_entry_mist, minivault_27, uniq_eustachio
Temple:   jpeg_temple_island

Skill      XL: |  1  2  3  4  5  6  7 |
---------------+----------------------+-----
Fire Magic     | 4 6 7 |  7.6
Conjurations   | 2 3 |  3.0
Staves         | 1 2 3 |  3.3
Evocations     | 2 3 |  3.8
Dodging        | |  2.4
Stealth        | |  2.4
Spellcasting   | |  3.0

Action                   |  1- 3 |  4- 6 |  7- 9 || total
-------------------------+-------+-------+-------++-------
Melee: Short sword       |    22 |       |       ||    22
       Staff             |       |     8 |    12 ||    20
 Cast: Foxfire           |    46 |    34 |     9 ||    89
       Scorch            |    15 |    25 |    13 ||    53
Armor: Robe              |    11 |     1 |     4 ||    16
Dodge: Dodged            |    26 |    13 |    14 ||    53
